 Dungeon Crawl Stone Soup version 0.28.0-43-g3370ac3207 (webtiles) character file.

Game seed: 11047344489509007002

249 pkoi the Changer (level 5, 0/25 HPs)
             Began as a Spriggan Transmuter on Mar 8, 2022.
             Slain by a bullfrog (8 damage)
             ... in a sewer.
             The game lasted 00:11:35 (8555 turns).

pkoi the Changer (Spriggan Transmuter)              Turns: 8555, Time: 00:11:36

Health: 0/25       AC:  2    Str:  6    XL:     5   Next: 86%
Magic:  11/13      EV: 20    Int: 16    God:
Gold:   48         SH:  0    Dex: 21    Spells: 10/14 levels left

rFire   . . .      SeeInvis +     - Unarmed
rCold   . . .      Faith    .   (shield currently unavailable)
rNeg    . . .      Spirit   .   (armour currently unavailable)
rPois   x          Reflect  .   (helmet currently unavailable)
rElec   .          Harm     .   (cloak currently unavailable)
rCorr   .          Rampage  .   (gloves unavailable)
Will    .....                   (boots unavailable)
Stlth   ++........              (no amulet)
HPRegen 0.08/turn               (no ring)
MPRegen 0.13/turn               (no ring)

@: spider-form
A: venomous fangs, tiny, no large weapons, unfitting armour, see invisible,
(speed 3), (iridescent scales 1), (camouflage 1)
a: End Transformation


You were in a sewer.
You were a venomous arachnid creature.
You visited 1 branch of the dungeon, and saw 3 of its levels.
You also visited: Sewer.

You collected 48 gold pieces.

Inventory:

Hand Weapons
 f - a +0 whip
Armour
 a - a +0 robe (melded)
Scrolls
 c - a scroll of brand weapon {unknown}
 e - 3 scrolls of identify {unknown}
 g - a scroll of blinking
 i - a scroll of teleportation {unknown}


   Skills:
 - Level 0.7 Fighting
 - Level 2.6 Dodging
 - Level 3.0 Unarmed Combat
 - Level 5.0 Spellcasting
 + Level 5.3 Transmutations
 + Level 2.0 Poison Magic


You had 10 spell levels left.
You knew the following spells:

 Your Spells              Type           Power      Damage    Failure   Level
a - Beastly Appendage     Tmut           42%        N/A       7%          1
b - Spider Form           Tmut/Pois      15%        N/A       24%         3

Your spell library contained the following spells:

 Spells                   Type           Power      Damage    Failure   Level
 Wereblood                Tmut           21%        N/A       10%         2
 Ice Form                 Ice/Tmut       12%        N/A       67%         4


Dungeon Overview and Level Annotations

Branches:
Dungeon (3/15)              Sewer (1/1)

Altars:

Shops:
D:2 :

Annotations:
D:2 Sigmund
D:3 1 runed translucent door


Innate Abilities, Weirdness & Mutations

You are a venomous arachnid creature.
You have poisonous fangs.
You are tiny and dextrous.
Your spellcasting is less reliable in this form.
Your armour is entirely melded.
You are incapable of wielding weapons or throwing items.
You are very small and have problems with some larger weapons.
You are too small for most types of armour.
You have supernaturally acute eyesight. (SInv)
((You cover ground extremely quickly. (Speed+++)))
((You are partially covered in iridescent scales. (AC +2)))
((Your skin changes colour to match your surroundings (Stealth+).))


Message History

Casting: Beastly Appendage (safe; 1% risk of failure)
Confirm with . or Enter, or press ? or * to list all spells.
The spell is quite dangerous to miscast (10% risk of failure)!
Continue anyway?
You turn into a venomous arachnid creature.
Your +0 robe melds into your body.
The bullfrog gives a loud, deep croak!
You hear a loud, deep croak!
You hit the bullfrog.
The bullfrog is poisoned.
The bullfrog is moderately wounded.
The bullfrog completely misses you. The bullfrog misses you.
You hit the bullfrog.
The bullfrog looks as sick as possible!
The bullfrog is moderately wounded.
The bullfrog hits you. The bullfrog closely misses you.
You barely miss the bullfrog. The bullfrog completely misses you.
The bullfrog hits you.
* * * LOW HITPOINT WARNING * * *
The bullfrog misses you.
You closely miss the bullfrog. The bullfrog closely misses you.
The bullfrog completely misses you. x2
You completely miss the bullfrog. The bullfrog completely misses you.
The bullfrog misses you. The bullfrog barely misses you.
Unknown command.
You hit the bullfrog.
The bullfrog is poisoned.
The bullfrog is lightly wounded.
The bullfrog hits you!
* * * LOW HITPOINT WARNING * * *
The bullfrog completely misses you. x2
You hit the bullfrog.
The bullfrog is heavily wounded.
The bullfrog closely misses you. x2; The bullfrog completely misses you.
You completely miss the bullfrog.
The bullfrog is heavily wounded.
The bullfrog misses you. The bullfrog closely misses you.
The bullfrog completely misses you.
Unknown command.
You hit the bullfrog.
The bullfrog is heavily wounded.
The bullfrog hits you.
* * * LOW HITPOINT WARNING * * *
The bullfrog hits you!
You die...

#.÷#.≈##.≈≈#####≈≈≈##≈≈#
##÷##≈.#≈≈≈## ##≈≈.#≈≈#
#..#≈.≈#≈≈## ##.≈#≈.≈
#≈≈#≈###≈≈# #≈≈##≈≈
#.≈#≈#≈≈.##≈≈≈.≈≈≈##≈≈#.≈
#≈≈#.#∩≈≈# ≈.≈≈.≈≈ #≈≈#≈≈
#≈≈#≈#.≈≈# ≈≈.≈.≈≈ #≈.#.≈
#≈≈#≈##≈≈# ≈..FF≈. #.≈#≈≈
#≈≈#≈≈#≈s# ≈≈.?!.≈ #≈≈#.≈
#≈.#≈≈#FF# ≈≈$[[.≈ #≈≈#≈≈
#≈.≈..#..##≈.≈?..≈##≈≈#≈≈
#≈≈.≈≈#.≈.≈.≈≈...≈#≈≈##≈.
#≈..≈≈###≈≈≈≈≈..≈##≈.#≈≈≈
#######.###≈≈.≈≈##≈.≈#≈≈#
#.≈≈..#######≈≈≈##≈≈#
#≈≈≈≈≈..≈≈≈≈≈≈≈≈#≈≈≈#
##≈.##≈..≈≈≈≈≈.##≈≈##


You could see 2 bullfrogs.

Vanquished Creatures
  A jelly (D:3)
  12 adders
  A worm (D:3)
  4 dart slugs
  An orc (D:3)
  6 bats
  13 endoplasms
  12 giant cockroaches
  3 hobgoblins (D:1)
  7 quokkas
  14 ball pythons
  9 frilled lizards
  2 goblins (D:2)
  4 kobolds
  9 rats
98 creatures vanquished.

Notes
Turn   | Place    | Note
-------+----------+-------------------------------------------
     0 | D:1      | pkoi the Spriggan Transmuter began the quest for the Orb.
     0 | D:1      | Reached XP level 1. HP: 9/9 MP: 5/5
   278 | D:1      | Reached XP level 2. HP: 11/14 MP: 6/6
  1581 | D:1      | Reached XP level 3. HP: 17/17 MP: 8/8
  1924 | D:2      | Found Dealuty's Book Shoppe.
  2178 | D:2      | Noticed Sigmund
  4317 | D:1      | Reached XP level 4. HP: 17/21 MP: 9/11
  4461 | D:2      | HP: 1/21 [poisoned by an adder]
  4986 | D:3      | Learned a level 3 spell: Spider Form
  5051 | D:3      | Found a runed translucent door.
  5051 | D:3      | Noticed a human
  5200 | D:3      | Reached skill level 1 in Poison Magic
  5200 | D:3      | Reached XP level 5. HP: 15/25 MP: 10/12
  5368 | D:3      | Found a glowing drain.
  5379 | Sewer    | Entered a sewer
  6277 | Sewer    | Gained mutation: Your skin changes colour to match your
                  | surroundings (Stealth+). [potion of mutation]
  6277 | Sewer    | Gained mutation: You are partially covered in iridescent
                  | scales. (AC +2) [potion of mutation]
  6283 | Sewer    | Reached skill level 5 in Transmutations
  8257 | Sewer    | Reached skill level 5 in Spellcasting
  8555 | Sewer    | Slain by a bullfrog

Illustrated notes

Levels and vault maps discovered:
D:1:      minmay_arrival_four_circles, layout_basic, corexii_corridor_pit
D:2:      layout_basic, serial_shops, shop, minmay_misc_feat_five, uniq_sigmund
D:3:      minmay_roachtagon, layout_rooms, dk_yredelemnul_ordeal,
          cheibrodos_sewer_entry_drain, shapermc_ecumenical_altar_acropolis,
          uniq_ijyb
Sewer:    sewer_frog_island_02

Skill      XL: |  1  2  3  4  5 |
---------------+----------------+-----
Transmutations | 3 4 5 |  5.3
Spellcasting   | 3 4 5 |  5.0
Unarmed Combat | 3 |  3.0
Poison Magic   | 1 2 |  2.0
Fighting       | |  0.7
Dodging        | |  2.6

Action                   |  1- 3 |  4- 6 || total
-------------------------+-------+-------++-------
Melee: Unarmed           |   216 |   257 ||   473
       Punch             |     5 |     3 ||     8
       Headbutt          |     7 |    25 ||    32
       Kick              |     7 |    31 ||    38
 Cast: Beastly Appendage |     9 |    17 ||    26
       Spider Form       |       |     3 ||     3
  Use: Potion            |     2 |     3 ||     5
Armor: Robe              |    37 |    22 ||    59
Dodge: Dodged            |   196 |   271 ||   467
